 Dungeon Crawl Stone Soup version 0.21.1-1-g345015f (webtiles) character file.

1553 Mirai the Cleaver (level 8, -4/73 HPs)
             Began as a Minotaur Fighter on Mar 20, 2018.
             Slain by a wight
             ... wielding a +0 battleaxe
              (15 damage)
             ... on level 6 of the Dungeon.
             The game lasted 00:14:21 (4717 turns).

Mirai the Cleaver (Minotaur Fighter)                Turns: 4717, Time: 00:14:22

Health: -4/73      AC:  7    Str: 21    XL:     8   Next: 57%
Magic:  7/7        EV:  9    Int:  5    God:
Gold:   188        SH:  9    Dex: 12    Spells: 7/7 levels left

rFire    + . .     SeeInvis +   a - +1 war axe
rCold    . . .     Gourm    .   c - +0 shield
rNeg     . . .     Faith    .   z - +0 ring mail {rF+}
rPois    .         Spirit   .   (helmet restricted)
rElec    .         Reflect  .   u - scarf {repulsion}
rCorr    +         Harm     .   d - +0 pair of gloves
MR       .....                  (no boots)
Stlth    +.........             r - amulet of rage
HPRegen  0.22/turn              x - ring of resist corrosion
MPRegen  0.10/turn              q - ring of see invisible

@: very slightly contaminated, drained, invisible, repel missiles
A: retaliatory headbutt, horns 2
a: Evoke Berserk Rage


You were on level 6 of the Dungeon.
You were hungry.

You visited 2 branches of the dungeon, and saw 7 of its levels.
You also visited: Ossuary.

You collected 188 gold pieces.

Inventory:

Hand Weapons
 a - a +1 war axe (weapon)
Armour
 c - a +0 shield (worn)
 d - a +0 pair of gloves (worn)
 k - the cursed +1 leather armour "Juetaysch" {rF+, unknown}
   (You found it on level 5 of the Dungeon)

   It protects you from fire.
   It has a curse placed upon it.
 u - a scarf of repulsion (worn)
 v - a +0 cloak of invisibility
 z - a +0 ring mail of fire resistance (worn)
Jewellery
 q - a ring of see invisible (right hand)
 r - an amulet of rage (around neck)
 x - a ring of resist corrosion (left hand)
Wands
 E - a wand of paralysis (14)
Scrolls
 b - 2 scrolls of fog
 e - 3 scrolls of amnesia
 g - 4 scrolls of remove curse
 h - 5 scrolls of identify
 m - 2 scrolls of enchant weapon
 n - a scroll of blinking
 y - 3 scrolls of teleportation
 D - a scroll of magic mapping {unknown}
Potions
 i - a potion of invisibility
 j - 2 potions of cancellation {unknown}
 l - 2 potions of haste {unknown}
 o - a potion of magic {unknown}
 p - 2 potions of lignification {unknown}
 s - a potion of brilliance {unknown}
 t - a potion of berserk rage {unknown}
 w - a potion of agility {unknown}
 A - a potion of ambrosia {unknown}
 B - a potion of resistance {unknown}
 C - a potion of heal wounds {unknown}
Comestibles
 f - 5 rations
 F - 2 chunks of flesh


   Skills:
 * Level 7.4(6.9) Fighting
 + Level 9.3(8.8) Axes
 + Level 6.2(5.8) Armour
 + Level 3.1(2.6) Dodging
 - Level 4.1(3.7) Shields


You had 7 spell levels left.
You didn't know any spells.

Dungeon Overview and Level Annotations

Branches:
Dungeon (6/15)             Temple (1/1) D:4

Altars:
Ashenzari
Fedhas
Gozag
Ru
Sif Muna
Uskayaw
Vehumet
Yredelemnul
Zin
The Shining One


Innate Abilities, Weirdness & Mutations

You reflexively headbutt those who attack you in melee.
You have a pair of horns on your head.


Message History

The wight is heavily damaged.
The wight hits you with a battleaxe. You block the wight's attack.
You hit the wight but do no damage.
The wight is heavily damaged.
The wight hits you from afar with a spear.
The wight hits you with a battleaxe!
* * * LOW HITPOINT WARNING * * *
You barely miss the wight.
The wight is heavily damaged.
The wight hits you but does no damage. The wight hits you with a battleaxe!
* * * LOW HITPOINT WARNING * * *
You barely miss the wight. Your headbutt misses the wight.
The wight is heavily damaged.
The wight closely misses you. You block the wight's attack.
Unknown command.
You fade into invisibility!
You are very lightly contaminated with residual magic.
There is a stone staircase leading up here.
The wight hits you with a battleaxe!
You die...

#)# #.# #.# ##.##
##.z.## #.z.=.#
###.######...##
........###.#######
###.###@#.z........
#.z.#.#######
#####.# #.# #.# #.#
#.# #.#


You could see a wight.

Vanquished Creatures
  The ghost of buskinjo the Caller, an amateur TeSu of Sif Muna (D:4)
  An ice beast (D:5)
  2 phantoms
  2 bullfrogs (D:6)
  A scorpion (D:4)
  A wight (D:6)
  A howler monkey (D:4)
  A jelly (D:5)
  A quasit (D:5)
  2 orc wizards
  2 hounds (D:5)
  6 orc priests
  Crazy Yiuf (D:3)
  A gnoll shaman (D:5)
  An iguana (D:5)
  Jessica (D:2)
  3 worker ants (D:5)
  12 mummies (Ossuary)
  A hound skeleton (D:5)
  3 gnolls (D:5)
  7 adders
  A shadow imp (D:5)
  2 oozes (D:1)
  4 worms
  A leopard gecko (D:2)
  15 orcs
  4 bats
  10 giant cockroaches
  6 goblins
  A hobgoblin (D:1)
  12 jackals
  A ball python (D:3)
  4 frilled lizards
  2 gnoll skeletons (Ossuary)
  4 goblin skeletons (Ossuary)
  A jackal skeleton (D:5)
  4 kobolds
  A kobold skeleton (Ossuary)
  An orc skeleton (Ossuary)
  A quokka skeleton (D:4)
  7 rats
  11 rat skeletons (Ossuary)
  A spectral orc (D:3)
145 creatures vanquished.

Notes
Turn   | Place    | Note
-------+----------+-------------------------------------------
     0 | D:1      | Mirai the Minotaur Fighter began the quest for the Orb.
     0 | D:1      | Reached XP level 1. HP: 19/19 MP: 0/0
     1 | D:1      | Found a runed door.
    20 | D:1      | Reached XP level 2. HP: 27/27 MP: 1/1
    84 | D:1      | Reached XP level 3. HP: 33/33 MP: 2/2
   715 | D:2      | Reached skill level 3 in Axes
   921 | D:2      | Reached XP level 4. HP: 40/40 MP: 3/3
   969 | D:2      | Noticed Jessica
   981 | D:2      | Killed Jessica
  1476 | D:3      | Reached skill level 4 in Axes
  1672 | D:3      | Reached skill level 1 in Dodging
  1850 | D:3      | Found a runed door.
  1854 | D:3      | Noticed Crazy Yiuf
  1860 | D:3      | Killed Crazy Yiuf
  1860 | D:3      | Reached XP level 5. HP: 43/47 MP: 4/4
  2011 | D:3      | Found a basalt altar of Yredelemnul.
  2373 | D:4      | Noticed buskinjo's ghost (amateur TeSu)
  2373 | D:4      | Reached skill level 5 in Axes
  2388 | D:4      | Killed buskinjo's ghost
  2388 | D:4      | Reached skill level 5 in Fighting
  2388 | D:4      | Reached skill level 5 in Armour
  2388 | D:4      | Reached XP level 6. HP: 20/56 MP: 5/5
  2611 | D:4      | Reached skill level 6 in Axes
  2665 | D:4      | Reached XP level 7. HP: 22/61 MP: 6/6
  2915 | D:4      | Found a staircase to the Ecumenical Temple.
  2929 | Temple   | Entered the Ecumenical Temple
  3487 | D:5      | Entered Level 5 of the Dungeon
  3517 | D:5      | Reached skill level 7 in Axes
  3705 | D:5      | Got an ichor-stained leather armour
  3763 | D:5      | Reached skill level 8 in Axes
  3763 | D:5      | Reached XP level 8. HP: 39/70 MP: 7/7
  3892 | D:5      | Found a sacrificial altar of Ru.
  3972 | D:5      | Found a sand-covered staircase.
  3977 | Ossuary  | Entered an ossuary
  4510 | D:5      | Reached skill level 9 in Axes
  4717 | D:6      | Slain by a wight

Skill      XL: |  1  2  3  4  5  6  7  8 |
---------------+-------------------------+-----
Shields        | 4 |  4.1
Armour         | 4 5 6 |  6.2
Fighting       | 4 5 6 7 |  7.4
Axes           | 3 4 5 6 8 9 |  9.3
Dodging        | 1 2 3 |  3.1

Action                   |  1- 3 |  4- 6 |  7- 9 || total
-------------------------+-------+-------+-------++-------
Melee: War axe           |    74 |   100 |   205 ||   379
       Headbutt          |    11 |    15 |    37 ||    63
  Use: Potion            |       |     2 |     1 ||     3
       Scroll            |       |       |    10 ||    10
  Eat: Chunk             |       |     6 |     6 ||    12
Armor: Scale mail        |    49 |    25 |       ||    74
       Ring mail         |       |     8 |    49 ||    57
Dodge: Dodged            |    30 |    30 |    66 ||   126
Block: Shield            |    62 |    46 |    97 ||   205
